 Dungeon Crawl Stone Soup version 0.26-a0-812-g31a745ddcd (webtiles) character file.

Game seed: 15276341510733476821

8 IdlyInterested the Charlatan (level 2, -2/18 HPs)
             Began as an Octopode Artificer on Nov 13, 2020.
             Slain by a gnoll
             ... wielding a +1 spear of pain
              (8 damage)
             ... on level 1 of the Dungeon.
             The game lasted 00:01:34 (532 turns).

IdlyInterested the Charlatan (Octopode Artificer)    Turns: 532, Time: 00:01:34

Health: -2/18      AC:  1    Str: 11    XL:     2   Next: 8%
Magic:  3/3        EV: 11    Int: 13    God:
Gold:   35         SH:  6    Dex: 12    Spells: 2/2 levels left

rFire    . . .     SeeInvis .   a - +0 club
rCold    . . .     Faith    .   m - +0 kite shield
rNeg     . . .     Spirit   .   (helmet restricted)
rPois    .         Reflect  .   (no amulet)
rElec    .         Harm     .   (no ring)
rCorr    .         Rampage  .   (no ring)
MR       .....                  (no ring)
Stlth    +++.......             (no ring)
HPRegen  0.06/turn              (no ring)
MPRegen  0.08/turn              (no ring)
                                (no ring)
                                (no ring)

@: no status effects
A: almost no armour, stealthy swim, amphibious, 8 rings, constrict 8, camouflage
1, gelatinous body 1
a: no special abilities


You were on level 1 of the Dungeon.
You visited 1 branch of the dungeon, and saw 1 of its levels.

You collected 35 gold pieces.

Inventory:

Hand Weapons
 a - a +0 club (weapon)
 o - a +0 spear
Missiles
 e - 20 stones
 l - 10 poisoned darts (quivered)
Armour
 m - a +0 kite shield (worn)
Wands
 b - a wand of flame (15)
 c - a wand of enslavement (15)
 d - a wand of random effects (15)
Scrolls
 f - a scroll of remove curse {unknown}
 i - 2 scrolls of teleportation {unknown}
 k - a scroll of magic mapping {unknown}
 n - a scroll of fog {unknown}
Potions
 g - a potion of attraction {unknown}
 h - a potion of invisibility {unknown}
 j - a potion of curing {unknown}


   Skills:
 - Level 1.0 Fighting
 * Level 2.6 Dodging
 - Level 1.3 Stealth
 * Level 0.2 Shields
 * Level 0.2 Unarmed Combat
 * Level 0.7 Spellcasting
 - Level 3.2 Evocations


You had 2 spell levels left.
You didn't know any spells.
Your spell library was empty.

Dungeon Overview and Level Annotations

Branches:
Dungeon (1/15)

Altars:


Innate Abilities, Weirdness & Mutations

You cannot wear most types of armour.
You are very stealthy in the water. (Stealth+)
You are amphibious.
You can wear up to eight rings at the same time.
You can use your tentacles to constrict eight enemies at once.
Your skin changes colour to match your surroundings (Stealth+).
Your rubbery body absorbs attacks. (AC +1, EV +1)


Message History

Found a spear.
You now have 35 gold pieces (gained 10).
You see here a spear.
o - a spear A gnoll comes into view. It is wielding a +1 spear of pain.
The gnoll shouts!
You hear a shout!
A hobgoblin comes into view. It is wielding a -2 club.
The gnoll hits you from afar with a +1 spear of pain.
A goblin comes into view.
The gnoll hits you but does no damage.
The goblin shouts!
You hit the gnoll but do no damage. Your grab misses the gnoll.
The gnoll hits you with a +1 spear of pain!
Ouch! That really hurt!
You writhe in agony.
You hit the gnoll. Your grab misses the gnoll. Your squeeze misses the gnoll.
The gnoll is lightly wounded.
You block the hobgoblin's attack.
The gnoll hits you with a +1 spear of pain!
You die...

#.#.# #.##...####
#####...# #.##...#####
#.....#+######...........
#.##.#........####.).....
#.#........## #.......
#.#..............†....
#.....####............
.######.# +............
.......@# #............
..#####gg.########......
#.### ....... ...
........ .g. ..... .....
.......


You could see a gnoll, a hobgoblin and a goblin.

Vanquished Creatures
  2 goblins (D:1)
  3 kobolds (D:1)
  3 bats (D:1)
  A rat (D:1)
9 creatures vanquished.

Notes
Turn   | Place    | Note
-------+----------+-------------------------------------------
     0 | D:1      | IdlyInterested the Octopode Artificer began the quest for
                  | the Orb.
     0 | D:1      | Reached XP level 1. HP: 13/13 MP: 1/1
   327 | D:1      | Reached XP level 2. HP: 10/18 MP: 3/3
   532 | D:1      | Slain by a gnoll

Illustrated notes

Levels and vault maps discovered:
D:1:      matt_arrival_diagonals, layout_basic

Action                   || total
-------------------------++-------
Melee: Club              ||    22
       Constrict         ||     5
       Tentacles         ||     4
 Stab: Sleeping          ||     1
Armor: Skin              ||     7
Dodge: Dodged            ||    18
Block: Kite shield       ||     5

Table legend: (Time is in decaauts)
 A = Elapsed time spent in this place.
 B = Non-inter-level travel time spent in this place.
 C = Inter-level travel time spent in this place.
 D = Time resting spent in this place.
 E = Time spent auto-exploring this place.
 F = Levels seen in this place.
 G = Mean time per level.
                   A        B        C        D        E       F      G
               +--------+--------+--------+--------+--------+-----+--------+
         Total |    538 |    538 |      0 |    274 |    116 |   1 |  538.0 |
       Dungeon |    538 |    538 |      0 |    274 |    116 |   1 |  538.0 |
               +--------+--------+--------+--------+--------+-----+--------+

Top non-repeatable levels by time:
     D:1: 538 daAuts
